 Dungeon Crawl Stone Soup version 0.18.1-48-g4cf74bf (webtiles) character file.

93 Alarkh the Shooter (level 4, -1/33 HPs)
             Began as a Mummy Hunter on Aug 6, 2016.
             Was an Initiate of Okawaru.
             Slain by an orc
             ... wielding a +0 trident
              (5 damage)
             ... on level 1 of the Dungeon.
             The game lasted 00:04:48 (2545 turns).

Alarkh the Shooter (Mummy Hunter)                   Turns: 2545, Time: 00:04:48

Health: -1/33      AC:  3    Str: 15    XL:     4   Next: 36%
Magic:  4/4        EV: 11    Int: 11    God:    Okawaru [......]
Gold:   133        SH:  0    Dex: 12    Spells: 0 memorised, 3 levels left

rFire  x . .     SeeInvis .     a - +1 dagger (venom)
rCold  + . .     Gourm    .     g - +0 leather armour (curse)
rNeg   + + +     Faith    .     (no shield)
rPois  ∞         Spirit   .     (no helmet)
rElec  .         Dismiss  .     (no cloak)
rCorr  .         Reflect  .     (no gloves)
SustAt .         Harm     .     (no boots)
MR     .....                    (no amulet)
Stlth  +.........               (no ring)
                                (no ring)

@: not resistant to hostile enchantments, very unstealthy
A: no food or potions, fire vulnerability, cold resistance 1, negative energy
resistance 3, torment resistance, unbreathing
a: Renounce Religion


You were on level 1 of the Dungeon.
You worshipped Okawaru.
Okawaru was noncommittal.
You were not hungry.

You visited 1 branch of the dungeon, and saw 3 of its levels.

You collected 133 gold pieces.

Inventory:

Hand Weapons
 a - a +1 dagger of venom (weapon)
 b - a +1 shortbow
 e - a +0 short sword
Missiles
 d - 20 arrows
Armour
 c - a +0 leather armour
 g - a cursed +0 leather armour (worn)
 h - a +0 helmet
Jewellery
 m - an uncursed ring of ice {unknown}
Scrolls
 f - a scroll of recharging {unknown}
 i - a scroll of immolation {unknown}
 j - a scroll of enchant weapon {unknown}
 k - a scroll of teleportation {unknown}
 l - a scroll of remove curse {unknown}
 n - a scroll of identify {unknown}
 o - a scroll of random uselessness {unknown}


   Skills:
 - Level 2.0 Fighting
 + Level 4.8 Bows
 - Level 1.5 Dodging
 - Level 0.7 Stealth


You had 3 spell levels left.
You didn't know any spells.

Dungeon Overview and Level Annotations

Branches:
Dungeon (3/15)

Altars:
Okawaru

Annotations:
D:3 Terence


Innate Abilities, Weirdness & Mutations

You do not eat or drink.
Your flesh is vulnerable to fire.
You are immune to poison.
Your flesh is cold resistant.
You are immune to negative energy.
You are immune to unholy pain and torment.
You can survive without breathing.


Message History

The orc hits you.
You closely miss the orc. The orc hits you with a trident! The orc hits you.
You are too injured to fight recklessly!
The orc misses you. The orc hits you.
You see here a runed whip.
You see here 2 sedimented dark potions.
The orc hits you from afar with a trident.
There is a stone staircase leading up here.
The orc hits you with a trident!
There is a stone staircase leading up here.
The orc hits you with a trident.
* * * LOW HITPOINT WARNING * * *
You climb upwards.
There is a stone staircase leading down here.
You barely miss the orc. The orc closely misses you.
You completely miss the orc. The orc hits you with a trident.
* * * LOW HITPOINT WARNING * * *
The orc hits you but does no damage.
The orc hits you from afar with a trident.
You die...

#####......................#####.
....(..[...............).........
#####......................######
.................................
....................######.######
....................######.###
#####...............)..).....####
# ###............##..............
# #....÷.##.####@##..............
# #......##..###..o..............
###......#.......##..........####
...........................>.#
###......#.......##..........# #
#......#.......####.######## #
#......#.......# #)# #
########.......# #.# # #.......#
##.#####


You could see an orc.

Vanquished Creatures
  2 adders (D:2)
  2 oozes
  A worm (D:2)
  2 dart slugs (D:1)
  5 giant geckos
  4 orcs
  4 giant cockroaches
  9 goblins
  5 hobgoblins
  2 bats
  2 giant newts
  6 kobolds (D:1)
  7 rats
51 creatures vanquished.

Notes
Turn   | Place    | Note
--------------------------------------------------------------
     0 | D:1      | Alarkh the Mummy Hunter began the quest for the Orb.
     0 | D:1      | Reached XP level 1. HP: 16/16 MP: 1/1
   261 | D:1      | Reached XP level 2. HP: 9/22 MP: 2/2
   500 | D:1      | Reached skill level 4 in Bows
   640 | D:1      | Reached XP level 3. HP: 27/27 MP: 3/3
  1044 | D:2      | Found an iron altar of Okawaru.
  1061 | D:2      | Became a worshipper of Warmaster Okawaru
  1770 | D:3      | Reached XP level 4. HP: 25/33 MP: 4/4
  1864 | D:2      | HP: 1/33 [orc/short sword (6)]
  2214 | D:3      | Noticed Terence
  2545 | D:1      | Slain by an orc

Skill      XL: |  1  2 |
---------------+-------+-----
Bows           | 4 |  4.8
Fighting       | |  2.0
Dodging        | |  1.5
Stealth        | |  0.7

Action                   |  1- 3 |  4- 6 || total
-------------------------+-------+-------++-------
Melee: Dagger            |    95 |    24 ||   119
 Fire: Shortbow          |    20 |    23 ||    43
 Stab: Sleeping          |     1 |       ||     1
Armor: Leather armour    |    17 |    10 ||    27
Dodge: Dodged            |    52 |    10 ||    62
